Description

In this replay I miscontrol my adepts repeatedly whilst going for an all-in followup.

You can always go for a 3rd nexus behind your prism and tech up from there rather than doing the 8-10gate adept allin shown here.

With this all-in I should have not sacrificed my first adepts, and waited for my count to grow and then overwhelm his lingbane defence with a large spread.

Replay - PvZ Adept Pressure Opening

Build Order

Get SALT Encoding   

  12  0:01  Probe  
  13  0:13  Probe  
  14  0:18  Pylon  
  14  0:25  Probe (Chrono Boost)  
  15  0:37  Probe (Chrono Boost)  
  15  0:38  Gateway  
  16  0:46  Probe (Chrono Boost)  
  16  0:48  Assimilator  
  17  0:52  Probe  
  18  1:04  Probe  
  19  1:16  Probe  
  20  1:24  Nexus  
  21  1:34  Cybernetics Core  
  21  1:37  Probe  
  21  1:43  Assimilator  
  21  1:50  Probe  
  21  1:51  Pylon  
  22  2:05  Warp Gate (Chrono Boost)  
  23  2:10  Adept  
  26  2:22  Twilight Council  
  28  2:38  Adept  
  33  2:52  Gateway  
  33  2:57  Resonating Glaives (Chrono Boost)  
  33  2:58  Gateway  
  35  3:16  Adept  
  37  3:22  Pylon  
  42  3:52  Adept x3  
  49  3:58  Robotics Facility  
  49  4:00  Pylon x2  
  52  4:17  Adept x3  
  54  4:40  Adept  
  54  4:41  Gateway x2  
  52  4:58  Warp Prism (Chrono Boost)  
  54  5:09  Gateway x3  
  60  5:34  Warp Prism  
  62  5:38  Gateway  
  70  6:50  Observer  
Spawning Tool Build Advisor. Get it on Overwolf

Go to:

Details

  • Created by: PiG      
  • Published on: Jan 14, 2018
  • Modified on: Jan 14, 2018
  • Patch: 4.0.0
Show
View Real Time Build Order
Export as new Build Order

Comments (1)

On June 19, 2018, 3:28 a.m., PashkaTLT  said:

What I like about this build is that I CAN actually repeat it!
There are builds by progamers which I can't repeat even though I'm not a total noob (I usually play at gold/plat levels and my best is diamond), I get 20-30 seconds late, or even worse.
But this one is not so insane, you don't need to have 400APM with this build.
Thanks, PiG!

Create an account to comment!